 Dungeon Crawl Stone Soup version 0.20-a0-641-g673355a (webtiles) character file.

1836 Kiturien the Chopper (level 9, 0/88 HPs)
             Began as a Hill Orc Fighter on Feb 13, 2017.
             Was an Initiate of Qazlal.
             Slain by a two-headed ogre
             ... wielding a +0 giant spiked club
              (13 damage)
             ... on level 7 of the Dungeon.
             The game lasted 00:13:19 (4952 turns).

Kiturien the Chopper (Hill Orc Fighter)             Turns: 4952, Time: 00:13:21

Health: 0/88       AC: 11    Str: 22    XL:     9   Next: 11%
Magic:  9/9        EV:  9    Int:  8    God:    Qazlal [......]
Gold:   220        SH: 10    Dex: 12    Spells: 7/8 levels left

rFire    . . .     SeeInvis .   k - +9 sword of Zonguldrok {reap}
rCold    . . .     Gourm    +   b - +0 scale mail
rNeg     + . .     Faith    .   c - +0 shield
rPois    .         Spirit   .   (helmet restricted)
rElec    .         Reflect  .   l - +1 cloak
rCorr    .         Harm     .   e - +0 pair of gloves
MR       +....     Clarity  +   (no boots)
Stlth    ..........             p - amulet of the gourmand
Regen    0.3/turn               y - ring of protection from magic
MPRegen  0.2/turn               u - ring of positive energy

@: no status effects
A: beak, talons 1, agile 1, clarity, sense surroundings 1, robust 1
a: Renounce Religion


You were on level 7 of the Dungeon.
You worshipped Qazlal.
Qazlal was noncommittal.
You were completely stuffed.

You visited 2 branches of the dungeon, and saw 8 of its levels.

You collected 220 gold pieces.

Inventory:

Hand Weapons
 a - a +0 war axe
 k - the +9 sword of Zonguldrok (weapon) {reap}
   (You found it on level 5 of the Dungeon)

   If a monster killed with it leaves a corpse in good enough shape, the corpse
   will be animated as a zombie friendly to the killer.
 F - the +1 spear of Patterns {antimagic, rPois MR+ Int+5 Dex-3}
   (You found it on level 7 of the Dungeon)

   It reduces the magical energy of the wielder, and disrupts the spells and
   magical abilities of those hit.
   Natural abilities and divine invocations are not affected.
   It affects your intelligence (+5).
   It affects your dexterity (-3).
   It protects you from poison.
   It affects your resistance to hostile enchantments.
Armour
 b - a +0 scale mail (worn)
 c - a +0 shield (worn)
 e - a +0 pair of gloves (worn)
 l - a +1 cloak (worn)
Jewellery
 p - an amulet of the gourmand (around neck)
 u - a ring of positive energy (left hand)
 y - a ring of protection from magic (right hand)
Wands
 o - a wand of flame (23/48)
 D - a wand of confusion (22/48)
Scrolls
 h - a scroll of enchant armour
 i - a scroll of teleportation
 n - 2 scrolls of blinking
 r - a scroll of random uselessness {unknown}
 s - a scroll of immolation {unknown}
 t - 5 scrolls of enchant weapon {unknown}
 x - a scroll of identify
 E - a scroll of magic mapping {unknown}
 G - a scroll of remove curse
Potions
 d - a potion of might
 j - 4 potions of ambrosia
 q - a potion of brilliance
 A - a potion of flight {unknown}
 B - a potion of curing {unknown}
 C - a potion of heal wounds
 H - a potion of resistance {unknown}
Books
 v - a book of Changes

   Spells                             Type                      Level
   a - Beastly Appendage              Transmutation                1
   b - Sticks to Snakes               Transmutation                2
   c - Spider Form                    Transmutation/Poison         3
   d - Ice Form                       Ice/Transmutation            4
   e - Blade Hands                    Transmutation                5
 z - a book of Geomancy

   Spells                             Type                      Level
   a - Sandblast                      Earth                        1
   b - Passwall                       Transmutation/Earth          2
   c - Stone Arrow                    Conjuration/Earth            3
   d - Petrify                        Transmutation/Earth          4
   e - Lee's Rapid Deconstruction     Earth                        5
Comestibles
 f - 8 bread rations
 g - 2 royal jellies
 m - 2 meat rations
 w - 4 fruits


   Skills:
 * Level 7.7 Fighting
 + Level 3.2 Long Blades
 - Level 7.7 Axes
 + Level 6.2 Armour
 + Level 2.1 Dodging
 + Level 6.4 Shields


You had 7 spell levels left.
You knew the following spells:

 Your Spells              Type           Power        Failure   Level  Hunger
a - Beastly Appendage     Tmut           #.....       100%        1    ##.....


Dungeon Overview and Level Annotations

Branches:
Dungeon (7/15)             Temple (1/1) D:5

Altars:
Ashenzari
Cheibriados
Dithmenos
Elyvilon
Fedhas
Gozag
Hepliaklqana
Kikubaaqudgha
Makhleb
Nemelex Xobeh
Okawaru
Qazlal
Ru
Sif Muna
Trog
Uskayaw
Vehumet
Xom
Yredelemnul
Zin
The Shining One

Shops:
D:5 ?


Innate Abilities, Weirdness & Mutations

You have a beak for a mouth.
You have sharp toenails.
You are agile. (Dex +2)
You possess an exceptional clarity of mind.
You passively map a small area around you.
You are robust. (+10% HP)


Message History

The two-headed ogre hits you with a giant club!
Your orc wizard zombie hits the two-headed ogre but does no damage.
The chaos spawn hits your orc wizard zombie.
Your orc wizard zombie hits the two-headed ogre but does no damage.
The two-headed ogre looks as sick as possible!
Your orc zombie hits the two-headed ogre but does no damage.
You slash the two-headed ogre!
You claw the two-headed ogre, but do no damage.
The two-headed ogre is severely wounded.
The chaos spawn gores your orc wizard zombie!
Your orc wizard zombie glows bright chartreuse for a moment.
The two-headed ogre hits you with a giant spiked club!!
* * * LOW HITPOINT WARNING * * *
The two-headed ogre hits you but does no damage.
The kobold demonologist barely misses your orc wizard zombie.
The chaos spawn hits your orc wizard zombie!!
Your orc wizard zombie is destroyed!
Your orc zombie hits the two-headed ogre with a club.
The two-headed ogre hits you with a giant spiked club!
You die...

.........###.....###.....#* #...
.†)......##.......#.......####...
...)..#................#.......#.
......#..###.......##.....#....##
........####......#####..#####.##
Z........##.......# ..# ##....
........Z........### ##.###.....
......#..####..ZZ..#####.........
......#.Z# ###Z@........##.....#
..Z...#..######)O######.*#....#.#
####..Z.......4K## #...##.>
###.............. #...# #..
................. ,, ....# ##.#
..................,..#..... #.##
.................K ....... ##.#
.......................... #..#
................ ,....... ##..#


You could see a two-headed ogre, a kobold demonologist, a chaos spawn, a
friendly iguana zombie and 2 friendly orc zombies.

Vanquished Creatures
  An orc warrior (D:7)
  An ice beast (D:5)
  A sky beast (D:5)
  A necrophage (D:5)
  A black bear (D:7)
  5 ogres
  2 bullfrogs
  2 crimson imps
  A quasit (D:6)
  A jelly (D:6)
  4 orc wizards
  5 orc priests
  2 iguanas
  3 worker ants
  3 adders
  A shadow imp (D:5)
  An ooze (D:1)
  2 worms (D:2)
  2 dart slugs
  2 leopard geckos
  20 orcs
  6 bats (D:2)
  6 giant cockroaches
  5 goblins
  4 hobgoblins (D:1)
  6 kobolds
  4 ball pythons
  3 frilled lizards
  A jackal skeleton (D:5)
  A jackal zombie (D:5)
  A leopard gecko zombie (D:6)
  3 rats
101 creatures vanquished.

Vanquished Creatures (collateral kills)
  An orc warrior (D:7)
  A sky beast (D:7)
  A hound (D:7)
  An orc (D:7)
  A quokka zombie (D:7)
5 creatures vanquished.

Grand Total: 106 creatures vanquished

Notes
Turn   | Place    | Note
-------+----------+-------------------------------------------
     0 | D:1      | Kiturien the Hill Orc Fighter began the quest for the Orb.
     0 | D:1      | Reached XP level 1. HP: 19/19 MP: 1/1
   316 | D:1      | Reached XP level 2. HP: 27/27 MP: 2/2
   704 | D:1      | Reached XP level 3. HP: 27/33 MP: 3/3
  1391 | D:2      | Reached XP level 4. HP: 38/40 MP: 4/4
  1426 | D:2      | Gained mutation: Armour fits poorly on your strangely shaped body. [potion of mutation]
  1426 | D:2      | Gained mutation: You evolve. [potion of mutation]
  1427 | D:2      | Lost mutation: Armour fits poorly on your strangely shaped body. [potion of mutation]
  1427 | D:2      | Lost mutation: You evolve. [potion of mutation]
  1427 | D:2      | Gained mutation: You have sharp toenails. [potion of mutation]
  1427 | D:2      | Gained mutation: Your spells are a little harder to cast, but a little more powerful. [potion of mutation]
  1427 | D:2      | Gained mutation: You possess an exceptional clarity of mind. [potion of mutation]
  1427 | D:2      | Gained mutation: You are robust. (+10% HP) [potion of mutation]
  1428 | D:2      | Lost mutation: Your spells are a little harder to cast, but a little more powerful. [potion of mutation]
  1428 | D:2      | Lost mutation: You possess an exceptional clarity of mind. [potion of mutation]
  1428 | D:2      | Lost mutation: You have sharp toenails. [potion of mutation]
  1428 | D:2      | Gained mutation: You have a beak for a mouth. [potion of mutation]
  1428 | D:2      | Gained mutation: You possess an exceptional clarity of mind. [potion of mutation]
  1428 | D:2      | Gained mutation: You have sharp toenails. [potion of mutation]
  1428 | D:2      | Gained mutation: You passively map a small area around you. [potion of mutation]
  1607 | D:3      | You fall through a shaft for 3 floors!
  1655 | D:5      | Entered Level 5 of the Dungeon
  1669 | D:5      | Found Zah Akhe's Magic Scroll Shop.
  1732 | D:5      | Noticed an ice beast
  1817 | D:4      | Learned a level 1 spell: Beastly Appendage
  1828 | D:4      | Noticed an ogre
  1857 | D:5      | Killed an ogre
  1857 | D:5      | Reached XP level 5. HP: 24/51 MP: 5/5
  2057 | D:5      | Noticed an ogre
  2067 | D:5      | Killed an ogre
  2067 | D:5      | Reached skill level 5 in Fighting
  2067 | D:5      | Reached skill level 5 in Axes
  2067 | D:5      | Reached XP level 6. HP: 48/61 MP: 6/6
  2291 | D:5      | Noticed a necrophage
  2309 | D:5      | Killed an ice beast
  2309 | D:5      | Reached skill level 5 in Shields
  2309 | D:5      | Reached XP level 7. HP: 28/67 MP: 7/7
  2309 | D:5      | Reached skill level 1 in Dodging
  3030 | D:5      | Found a staircase to the Ecumenical Temple.
  3132 | Temple   | Entered the Ecumenical Temple
  3167 | Temple   | Became a worshipper of Qazlal Stormbringer
  3414 | D:6      | Reached skill level 5 in Armour
  3487 | D:6      | Reached XP level 8. HP: 77/77 MP: 8/8
  4099 | D:7      | Reached skill level 1 in Long Blades
  4308 | D:7      | Gained mutation: You are agile. (Dex +2) [mutagenic meat]
  4718 | D:7      | Got an encrusted spear
  4719 | D:7      | Identified the +1 spear of Patterns {antimagic, rPois MR+ Int+5 Dex-3} (You found it on level 7 of the Dungeon)
  4768 | D:7      | Reached XP level 9. HP: 84/86 MP: 7/9
  4943 | D:7      | Noticed a kobold demonologist
  4948 | D:7      | Noticed a two-headed ogre
  4952 | D:7      | Slain by a two-headed ogre

Vault maps used:
D:1:      sevenhm_arrival_forest_fort_small_3
D:2:      minmay_kobold_bridge, first_bread
D:3:      serial_bayou_lagoon_a, uniq_iyjb, uniq_jessica
D:4:      kennysheep_generic_room_7
D:5:      minmay_temple_entry_overgrown, serial_shops, nicolae_shop_behind_doors
Temple:   grunt_wide_crystal_templ

Skill      XL: |  1  2  3  4  5  6  7  8  9 |
---------------+----------------------------+-----
Axes           | 3 4 5 6 7 |  7.7
Fighting       | 4 5 6 7 |  7.7
Shields        | 4 5 6 |  6.4
Armour         | 4 5 6 |  6.2
Dodging        | 1 2 |  2.1
Long Blades    | 2 3 |  3.2

Action                   |  1- 3 |  4- 6 |  7- 9 || total
-------------------------+-------+-------+-------++-------
Melee: War axe           |   134 |    81 |    69 ||   284
       Kick              |       |    17 |    31 ||    48
       Peck              |       |    18 |    21 ||    39
       Double sword      |       |       |    66 ||    66
  Use: Scroll            |     2 |     4 |     3 ||     9
       Potion            |       |     5 |       ||     5
 Stab: Distracted        |       |       |     1 ||     1
  Eat: Chunk             |     2 |     5 |    16 ||    23
Armor: Scale mail        |    91 |    46 |    73 ||   210
Dodge: Dodged            |    37 |    36 |    50 ||   123
Block: Shield            |    69 |    62 |    82 ||   213
       Rpst.: Double sword |       |       |     7 ||     7
